AoeStats
← TIGER35397

Arena

508963004Analyzed
4v4 RM · 9d ago on Sep 24, 2026· 44m 35s· 8 players
Game mode
Random Map
Map size
Large (8 player)
Population
200
Speed
Normal
Resources
Standard
Victory
Conquest
Starting age
Dark Age
Ending age
Imperial Age
RankedLock teamsTeams togetherTeam positionsShared explorationLock speedFull tech treeHidden civsTurbo modeCheats
Victory
Defeat
🇦🇷 Spanish · Argentina
1228
+17
🇭🇺 Celts · Hungary
1220
+18
🇭🇺 Danes · Hungary
1207
+18
🇯🇴 Goths · Jordan
1197
+19
🇺🇸 Varangians · United States
1373
-23
🇬🇧 Wu · United Kingdom
1306
-20
🇺🇸 Cumans · United States
1208
-16
🇨🇦 Italians · Canada
1134
-13
[H] Sir Benedict
10:59 Feudal Age
11:59 Double-Bit Axe
12:10 Horse Collar
14:44 Castle Age
15:51 Bow Saw
15:43 Heavy Plow
21:01 Loom
21:18 Fletching
21:31 Gold Mining
23:07 Wheelbarrow
22:50 Bodkin Arrow
26:10 Forging
29:08 Pikeman
38:20 Imperial Age
37:14 Pikeman
37:55 Scale Mail Armor
38:31 Iron Casting
39:15 Chain Mail Armor
38:49 Capped Ram
41:06 Blast Furnace
42:07 Plate Mail Armor
43:27 Halberdier
Sir_FatLion
9:06 Loom
10:54 Feudal Age
14:34 Castle Age
14:00 Double-Bit Axe
13:56 Horse Collar
15:49 Bow Saw
16:23 Heavy Plow
21:29 Scale Mail Armor
21:56 Pikeman
24:09 Chain Mail Armor
24:32 Squires
26:42 Forging
28:57 Anarchy
32:47 Imperial Age
31:01 Wheelbarrow
32:41 Iron Casting
32:47 Halberdier
33:43 Perfusion
36:35 Elite Huskarl
39:43 Blast Furnace
The Goat
10:19 Feudal Age
10:45 Loom
14:10 Castle Age
12:22 Double-Bit Axe
12:37 Horse Collar
21:20 Bow Saw
22:07 Fletching
22:46 Fervor
22:52 Fervor
24:08 Bodkin Arrow
25:01 Heavy Plow
25:41 Sanctity
26:29 Wheelbarrow
28:17 Hand Cart
27:47 Town Watch
33:02 Imperial Age
31:03 Padded Archer Armor
31:31 Ballistics
31:50 Thumb Ring
31:48 Husbandry
32:07 Leather Archer Armor
32:56 Fortified Wall
33:02 Bloodlines
33:48 Bracer
34:53 Chemistry
34:30 Ring Archer Armor
35:08 Two-Man Saw
34:38 Conscription
34:21 Gold Mining
34:21 Stone Mining
35:36 Heavy Mounted Crossbowman
37:24 Stone Shaft Mining
36:37 Heavy Mounted Crossbowman
37:58 Light Cavalry
40:10 Scale Barding Armor
40:16 Forging
39:38 Hussar
41:28 Chain Barding Armor
42:51 Iron Casting
44:32 Plate Barding Armor
44:58 Blast Furnace
szotyesz
9:42 Feudal Age
10:46 Double-Bit Axe
13:13 Castle Age
11:04 Double-Bit Axe
12:16 Horse Collar
14:10 Bow Saw
17:43 Heavy Plow
18:24 Loom
20:27 Wheelbarrow
21:59 Scale Mail Armor
22:09 Forging
21:59 Gold Mining
22:04 Stone Mining
23:18 Squires
24:20 Chain Mail Armor
24:48 Gold Shaft Mining
24:51 Stone Shaft Mining
25:03 Iron Casting
24:39 Town Watch
25:10 Hand Cart
30:58 Ballistics
33:12 Imperial Age
33:23 Elite Varangian Guard
33:54 Gambesons
34:40 Plate Mail Armor
35:11 Blast Furnace
34:56 Conscription
33:57 Northmen's Fury
35:49 Chemistry
35:07 Onager
36:48 Town Patrol
38:09 Siege Engineers
37:28 Siege Onager
41:28 Murder Holes
41:44 Masonry
42:31 Arson
42:12 Capped Ram
42:18 Hamask
BallonPrince5
11:46 Feudal Age
12:27 Double-Bit Axe
12:54 Horse Collar
15:54 Castle Age
15:49 Stone Mining
15:50 Gold Mining
17:29 Bow Saw
17:21 Heavy Plow
19:56 Wheelbarrow
19:37 Padded Archer Armor
19:32 Fletching
22:25 Loom
22:45 Bodkin Arrow
23:21 Ballistics
25:56 Town Watch
26:51 Thumb Ring
27:06 Leather Archer Armor
29:15 Hand Cart
28:54 Stone Mining
32:24 Imperial Age
31:51 Stone Shaft Mining
31:26 Scale Barding Armor
33:07 Bracer
34:14 Chemistry
34:39 Crop Rotation
34:14 Treadmill Crane
34:44 Masonry
34:45 Fortified Wall
35:38 Ring Archer Armor
35:19 Forging
35:36 Conscription
36:54 Murder Holes
40:36 Architecture
TIGER35397
10:19 Feudal Age
14:43 Castle Age
13:10 Double-Bit Axe
16:38 Scale Barding Armor
16:43 Forging
17:26 Bow Saw
17:16 Loom
21:08 Bloodlines
23:02 Chain Barding Armor
28:23 Wheelbarrow
28:41 Husbandry
32:14 Hand Cart
38:12 Imperial Age
36:51 Scale Mail Armor
37:27 Iron Casting
37:47 Chain Mail Armor
37:56 Squires
38:43 Gambesons
41:48 Elite Varangian Guard
Bostonstrain
6:34 Loom
9:12 Feudal Age
10:07 Double-Bit Axe
14:38 Wheelbarrow
14:17 Horse Collar
16:23 Gold Mining
17:53 Scale Barding Armor
19:18 Forging
21:20 Bloodlines
23:27 Castle Age
24:32 Chain Barding Armor
24:48 Iron Casting
24:06 Capped Ram
25:04 Stone Mining
27:24 Light Cavalry
29:50 Hand Cart
30:02 Heavy Plow
30:16 Bow Saw
31:05 Stone Mining
36:43 Imperial Age
35:28 Gold Shaft Mining
37:06 Cavalier
37:36 Elite Skirmisher
38:21 Thumb Ring
38:29 Hussar
Calum1Ltv
7:15 Loom
10:43 Feudal Age
12:17 Double-Bit Axe
15:39 Castle Age
14:18 Horse Collar
17:17 Bow Saw
19:33 Fletching
21:16 Bodkin Arrow
22:01 Padded Archer Armor
30:58 Wheelbarrow
31:49 Heavy Plow
34:22 Hand Cart
38:29 Imperial Age
36:14 Treadmill Crane
36:45 Masonry
37:49 Leather Archer Armor
37:44 Forging
37:35 Scale Mail Armor
39:43 Bracer
40:49 Chemistry
39:12 Heavy Scorpion
42:22 Architecture
44:47 Iron Casting
44:28 Chain Mail Armor
Connection lost

Rejoining the realm…

Still unreachable

The connection could not be restored.

Session expired

The server has moved on; the page needs a fresh start.